[Event "ICC tourney 2545 (5 3)"]
[Site "Internet Chess Club"]
[Date "2021.04.11"]
[Round "1"]
[White "Eagle64"]
[Black "chess2thesun"]
[Result "0-1"]
[ICCResult "White checkmated"]
[WhiteElo "2573"]
[BlackElo "1926"]
[Opening "Queen's gambit declined"]
[ECO "D30"]
[NIC "QP.08"]
[Time "14:06:02"]
[TimeControl "300+3"]

1. d4 d5 2. c4 e6 3. Nf3 c6 4. g3 dxc4 5. Bg2 b5 6. O-O Bb7 7. b3 cxb3 8.
axb3 Nd7 9. Nc3 Ngf6 10. Ne5 a6 11. Nxc6 Qb6 12. d5 exd5 13. Na5 Bb4 14. Be3
Qe6 15. Nxb7 Bxc3 16. Rc1 b4 17. Nc5 Nxc5 18. Bxc5 Rc8 19. Rxc3 bxc3 20. Qd4
c2 21. Rc1 Ne4 22. Bxe4 dxe4 23. Rxc2 f6 24. Kg2 Kf7 25. b4 Rhd8 26. Qe3 Rd1
27. Rc3 h5 28. h4 Qd5 29. Ra3 Rb1 30. Kh2 Re8 31. Bd4 Rxb4 32. Bc3 Rb3 33.
Rxa6 Qc4 34. Ra7+ Kg8 35. Qd2 Qc6 36. Ba1 e3 37. Qa2 Qe6 38. f3 Rbb8 39. Qa5
Qc4 40. Qxh5 Qxe2+ 41. Kh3 Qf1+ 42. Kh2 Qf2+ 43. Kh3 Qf1+ 44. Kh2 Qe2+ 45.
Kh3 Qc4 46. Qg6 Qe6+ 47. g4 Re7 48. Rxe7 Qxe7 49. h5 e2 50. Bc3 Qe3 51. Be1
Qxf3+ 52. Kh2 Qf4+ 53. Kg2 Qf1+ 54. Kh2 Qxe1 55. h6 Qf2+ 56. Kh3 Qe3+ 57.
Kh2 Qxh6+ 58. Qxh6 gxh6 59. g5 e1=Q 60. Kg2 Rb2+ 61. Kh3 Qe3+ 62. Kg4 Qxg5+
63. Kh3 Rb3+ 64. Kh2 Qd2+ 65. Kh1 Rb1# {White checkmated} 0-1

[Event "ICC tourney 2545 (5 3)"]
[Site "Internet Chess Club"]
[Date "2021.04.11"]
[Round "1"]
[White "jacobsperber"]
[Black "Vision2000"]
[Result "1/2-1/2"]
[ICCResult "Game drawn by mutual agreement"]
[WhiteElo "1230"]
[BlackElo "1452"]
[Opening "Queen's gambit declined"]
[ECO "D35"]
[NIC "QP.08"]
[Time "14:05:59"]
[TimeControl "300+3"]

1. d4 d5 2. c4 e6 3. cxd5 exd5 4. Nc3 Nf6 5. Nf3 c6 6. Bf4 Bd6 7. Bxd6 Qxd6
8. Qc2 O-O 9. e3 Nbd7 10. Bd3 Re8 11. h3 Nf8 12. O-O-O a5 13. g4 b5 14. g5
Ne4 15. Nxe4 dxe4 16. Bxe4 Bb7 17. h4 Qe6 18. Bd3 Qxa2 19. h5 a4 20. g6 f6
21. gxh7+ Kh8 22. h6 gxh6 23. Rxh6 a3 24. Rg1 axb2+ 25. Qxb2 Qa1+ 26. Qxa1
Rxa1+ 27. Kd2 Rxg1 28. Nxg1 Re6 29. Nh3 f5 30. Rxe6 Nxe6 31. Bxf5 Nf8 32.
Bc2 Nxh7 33. Bxh7 Kxh7 34. Nf4 Bc8 35. Kc3 Kg7 36. Nd3 Kf6 37. e4 Kg5 38.
f4+ Kg4 39. Kb4 Kf3 40. d5 Kxe4 41. Nc5+ Kxd5 42. Nd3 Bf5 43. Nc5 Kd4 44.
Na6 Be4 45. Nc5 Bd5 46. Na6 Ke4 47. Nc7 Kxf4 48. Na6 Ke4 49. Nc5+ Kd4 50.
Na6 Ke5 51. Nc5 Kd6 52. Nd3 Bc4 53. Nc5 Kc7 54. Na6+ Kb7 55. Nc5+ Kb6 56.
Nd7+ Kc7 57. Nc5 Bf1 58. Ka5 Bh3 59. Kb4 Bf5 60. Nb3 Kb6 61. Nc5 Ka7 62. Nb3
Be6 63. Nc5 Bd5 64. Nd3 Bc4 65. Nc5 Kb6 66. Ne4 c5+ 67. Nxc5 Kc6 68. Ne4 Be6
69. Nc3 {Game drawn by mutual agreement} 1/2-1/2

[Event "ICC tourney 2545 (5 3)"]
[Site "Internet Chess Club"]
[Date "2021.04.11"]
[Round "1"]
[White "Heliosis"]
[Black "vJiggy"]
[Result "1-0"]
[ICCResult "Black checkmated"]
[WhiteElo "1790"]
[BlackElo "1398"]
[Opening "Pirc: classical, h3 system"]
[ECO "B07"]
[NIC "PU.10"]
[Time "14:05:08"]
[TimeControl "300+3"]

1. e4 d6 2. d4 g6 3. Nc3 Bg7 4. Nf3 Nf6 5. h3 O-O 6. Be3 Nc6 7. Be2 Re8 8.
O-O Nd7 9. a4 e5 10. dxe5 Ndxe5 11. Nxe5 Nxe5 12. f4 Nc6 13. Bc4 Kh8 14.
Bxf7 Re7 15. Bd5 Bd7 16. Qf3 Qf8 17. Rae1 Nb4 18. Bb3 a5 19. g4 c6 20. f5
gxf5 21. gxf5 d5 22. f6 Rf7 23. fxg7+ Qxg7+ 24. Qg2 Bxh3 25. Qxg7+ Rxg7+ 26.
Kh2 Bxf1 27. Rxf1 Rag8 28. Bd4 h5 29. Bxg7+ Rxg7 30. exd5 cxd5 31. Nxd5 Nc6
32. Rf8+ Kh7 33. Nf4 h4 34. Ne6 Re7 35. Rf7+ Rxf7 36. Ng5+ Kg6 37. Nxf7 Nd4
38. Nd6 Kh5 39. Nxb7 Kg4 40. Bd5 h3 41. Nxa5 Ne2 42. Be6+ Kh4 43. Bxh3 Nf4
44. Bc8 Nd5 45. Nc6 Nb4 46. Nxb4 Kg5 47. a5 Kf6 48. a6 Ke7 49. a7 Kd8 50.
a8=Q Kc7 51. Qc6+ Kb8 52. Qb7# {Black checkmated} 1-0

[Event "ICC tourney 2545 (5 3)"]
[Site "Internet Chess Club"]
[Date "2021.04.11"]
[Round "1"]
[White "nhallmark01"]
[Black "vbtry3"]
[Result "0-1"]
[ICCResult "White checkmated"]
[WhiteElo "1437"]
[BlackElo "1909"]
[Opening "Sicilian: Pelikan (Lasker/Sveshnikov) variation"]
[ECO "B33"]
[NIC "SI.35"]
[Time "14:05:06"]
[TimeControl "300+3"]

1. e4 c5 2. Nf3 Nc6 3. d4 cxd4 4. Nxd4 Nf6 5. Nc3 e5 6. Nf3 Bb4 7. Bd3 d5 8.
exd5 Nxd5 9. O-O Nxc3 10. bxc3 Bxc3 11. Rb1 O-O 12. Bb2 Bxb2 13. Rxb2 Rb8
14. Re1 Bg4 15. h3 Bxf3 16. Qxf3 g6 17. Rd1 Nd4 18. Qe4 Qe7 19. c3 Nc6 20.
Rdb1 Rfd8 21. Bc4 Kg7 22. Bd5 f5 23. Qd3 Rd7 24. c4 Rbd8 25. Qc3 Rc8 26. Re1
Nd4 27. Rd2 Rxd5 28. Rxd4 Rdc5 29. Qd3 R8c7 30. Rd5 Rxd5 31. cxd5 Qd6 32.
Rd1 Rc5 33. g3 Kf6 34. Qd2 Kg7 35. f4 exf4 36. gxf4 Rc7 37. Qd4+ Qf6 38.
Qxf6+ Kxf6 39. Kf2 Rd7 40. Ke3 Ke7 41. Kd4 Kd6 42. Kc4 Rc7+ 43. Kd4 Rc2 44.
Rb1 b6 45. a3 Rd2+ 46. Kc4 Rxd5 47. Rb5 Rxb5 48. Kxb5 h6 49. Ka6 g5 50. fxg5
hxg5 51. Kxa7 Kc5 52. Kb7 f4 53. Kc7 f3 54. Kd7 f2 55. Ke6 f1=Q 56. Kd7
Qxh3+ 57. Kc7 Qxa3 58. Kb8 Kc6 59. Kc8 Qa8# {White checkmated} 0-1

[Event "ICC tourney 2545 (5 3)"]
[Site "Internet Chess Club"]
[Date "2021.04.11"]
[Round "1"]
[White "Fraxxinus"]
[Black "Ldon22"]
[Result "1/2-1/2"]
[ICCResult "White stalemated"]
[WhiteElo "1591"]
[BlackElo "1340"]
[Opening "Sicilian: Grand Prix attack"]
[ECO "B23"]
[NIC "SI.44"]
[Time "14:04:28"]
[TimeControl "300+3"]

1. e4 c5 2. Nc3 Nc6 3. f4 e6 4. Nf3 g6 5. Bb5 a6 6. Bxc6 bxc6 7. d3 Bg7 8.
O-O Ne7 9. Qe1 O-O 10. Qh4 Re8 11. g4 d5 12. f5 exf5 13. exf5 Qd7 14. Bh6
gxf5 15. Bxg7 Kxg7 16. Qg5+ Kh8 17. Ne5 Qe6 18. Rae1 Rg8 19. Nxf7+ Qxf7 20.
Qxe7 Rxg4+ 21. Kh1 Qxe7 22. Rxe7 Rb8 23. Re8+ Kg7 24. Rxf5 Rxb2 25. Rxc8
Rxc2 26. h3 Rgg2 27. Nd1 Rgd2 28. Ne3 Rxa2 29. Rxc6 Rxd3 30. Rg5+ Kf7 31.
Rf5+ Kg7 32. Rg5+ Kf7 33. Rf5+ Ke7 34. Nxd5+ Kd7 35. Rcf6 Rd1+ 36. Rf1 Rxd5
37. Rf7+ Kc6 38. Rxh7 c4 39. h4 Ra3 40. h5 Rh3+ 41. Kg2 Rhxh5 42. Rf6+ Kb5
43. Rb7+ Ka5 44. Rf1 Rdg5+ 45. Kf3 Rf5+ 46. Ke2 Rxf1 47. Kxf1 Rb5 48. Rc7
Kb4 49. Ke2 a5 50. Kd1 a4 51. Kc2 a3 52. Kb1 Kb3 53. Ka1 c3 54. Kb1 Rb4 55.
Ka1 Rc4 56. Rb7+ Rb4 57. Rc7 Kc2 58. Rc6 Rb2 59. Rxc3+ Kxc3 {White
stalemated} 1/2-1/2

[Event "ICC tourney 2545 (5 3)"]
[Site "Internet Chess Club"]
[Date "2021.04.11"]
[Round "1"]
[White "GiteshC"]
[Black "mathman"]
[Result "0-1"]
[ICCResult "White resigns"]
[WhiteElo "1539"]
[BlackElo "2215"]
[Opening "Ruy Lopez: Schliemann defense"]
[ECO "C63"]
[NIC "RL.06"]
[Time "14:06:02"]
[TimeControl "300+3"]

1. e4 e5 2. Nf3 Nc6 3. Bb5 f5 4. d3 fxe4 5. dxe4 Nf6 6. Nc3 Bb4 7. Bg5 Bxc3+
8. bxc3 d6 9. Bc4 Qe7 10. Bxf6 Qxf6 11. Qd5 Nd8 12. O-O Be6 13. Qb5+ Bd7 14.
Qb3 Be6 15. Qb5+ Bd7 16. Qb3 g5 17. Nd2 Rf8 18. Be2 Qh6 19. Qc4 Rc8 20. Rad1
Qh4 21. Qd3 Ne6 22. g3 Qh3 23. Nc4 Rd8 24. Ne3 Nc5 25. Qc4 Be6 26. Nd5 Rd7
27. Qb4 Bxd5 28. Rxd5 Qh6 29. Bg4 Re7 30. Qc4 b6 31. Qe2 Rf6 32. Rfd1 a5 33.
Bf5 Kf8 34. Qg4 Ref7 35. R1d2 Rxf5 36. exf5 Qf6 37. f4 gxf4 38. gxf4 Rg7 39.
Qxg7+ Qxg7+ 40. Rg2 Qf6 41. fxe5 dxe5 42. c4 e4 43. Rgd2 Qg5+ 44. Kf2 e3+
45. Ke2 exd2 46. Rxd2 Qxf5 47. Ke3 Qe4+ 48. Kf2 Qxc4 49. Rd8+ Ke7 50. Rh8
Qxc2+ {White resigns} 0-1

[Event "ICC tourney 2545 (5 3)"]
[Site "Internet Chess Club"]
[Date "2021.04.11"]
[Round "1"]
[White "meghna"]
[Black "lameduck"]
[Result "1-0"]
[ICCResult "Black forfeits on time"]
[WhiteElo "1315"]
[BlackElo "1544"]
[Opening "Sicilian: Pelikan, Chelyabinsk variation"]
[ECO "B33"]
[NIC "SI.37"]
[Time "14:04:35"]
[TimeControl "300+3"]

1. e4 c5 2. Nf3 Nc6 3. d4 cxd4 4. Nxd4 Nf6 5. Nc3 e5 6. Ndb5 d6 7. Bg5 a6 8.
Na3 b5 9. Nd5 Be7 10. Bxf6 Bxf6 11. c3 g6 12. Nc2 Bg7 13. Be2 O-O 14. O-O f5
15. exf5 Bxf5 16. Nce3 Be6 17. Qd2 Ne7 18. Bf3 Ra7 19. Rad1 Rd7 20. Nxe7+
Qxe7 21. a3 Bb3 22. Rc1 Kh8 23. Bd5 Bxd5 24. Nxd5 Qh4 25. Qd3 Bh6 26. Rcd1
Rdf7 27. Qe2 Rf5 28. Ne3 Rh5 29. h3 Rd8 30. Qf3 Bg7 31. Ng4 Rf5 32. Qc6 Qe7
33. Rd2 h5 34. Ne3 Bh6 35. Nxf5 gxf5 36. Rd5 Bf4 37. Rfd1 h4 38. c4 e4 39.
cxb5 axb5 40. Qxb5 e3 41. fxe3 Bxe3+ 42. Kh1 Qe4 43. Rxf5 Qc2 44. Rh5+ Kg7
45. Rf1 Qg6 46. Qb7+ Kg8 47. Qb3+ Kg7 48. Qxe3 Qxh5 49. Qe7+ Kg6 50. Qf7+
Kh6 51. Rf6+ Kg5 52. Qg7+ {Black forfeits on time} 1-0

[Event "ICC tourney 2545 (5 3)"]
[Site "Internet Chess Club"]
[Date "2021.04.11"]
[Round "1"]
[White "HenrikL"]
[Black "ZephyrrrYT"]
[Result "1-0"]
[ICCResult "Black checkmated"]
[WhiteElo "1760"]
[BlackElo "1388"]
[Opening "Caro-Kann: classical, Flohr variation"]
[ECO "B18"]
[NIC "CK.10"]
[Time "14:04:46"]
[TimeControl "300+3"]

1. e4 c6 2. d4 d5 3. Nc3 dxe4 4. Nxe4 Bf5 5. Ng3 Bg6 6. Nh3 h6 7. Nf4 Bh7 8.
Bc4 Nf6 9. Be3 Nbd7 10. Bb3 e6 11. Qe2 Bd6 12. O-O-O Qc7 13. Nfh5 Rg8 14.
Rhe1 O-O-O 15. c4 Nxh5 16. Qxh5 Bg6 17. Qf3 Nf6 18. Bc2 Bxc2 19. Kxc2 c5 20.
dxc5 Bxc5 21. Kb1 Bxe3 22. Qxe3 Kb8 23. b3 Qc6 24. f3 Qc7 25. Ne2 Rd7 26. g3
Rgd8 27. Nc3 Rxd1+ 28. Rxd1 Rxd1+ 29. Nxd1 a6 30. Nc3 Qd6 31. Kc2 Kc7 32. c5
Qd7 33. Qe5+ Kc8 34. Na4 Qc7 35. Nb6+ Kd8 36. Qd4+ Ke7 37. Nc4 Qd7 38. Qd6+
Qxd6 39. Nxd6 Nd7 40. Nxb7 Nb8 41. Na5 Kd7 42. Kc3 Nc6 43. Nxc6 Kxc6 44. Kc4
f5 45. f4 g5 46. b4 gxf4 47. gxf4 Kd7 48. a4 h5 49. b5 axb5+ 50. axb5 Kc7
51. Kd4 Kd7 52. Ke5 Ke7 53. b6 Kd7 54. b7 Kc7 55. c6 Kxc6 56. b8=Q h4 57.
Qd6+ Kb5 58. Kxe6 Kc4 59. Kxf5 h3 60. Ke4 Kc3 61. Qc5+ Kb3 62. Kd3 Kb2 63.
Qc3+ Kb1 64. Qd2 Ka1 65. Kc3 Kb1 66. Qb2# {Black checkmated} 1-0

[Event "ICC tourney 2545 (5 3)"]
[Site "Internet Chess Club"]
[Date "2021.04.11"]
[Round "1"]
[White "habibo"]
[Black "Radja"]
[Result "0-1"]
[ICCResult "White checkmated"]
[WhiteElo "1524"]
[BlackElo "2168"]
[Opening "Sicilian: closed, Korchnoi variation"]
[ECO "B23"]
[NIC "SI.44"]
[Time "14:04:51"]
[TimeControl "300+3"]

1. e4 c5 2. Nc3 e6 3. g3 d5 4. exd5 exd5 5. d4 Nc6 6. dxc5 d4 7. Ne4 Bxc5 8.
Nxc5 Qa5+ 9. c3 Qxc5 10. Ne2 Qd5 11. Rg1 Bg4 12. Bg2 Bf3 13. Bxf3 Qxf3 14.
Nxd4 Qxd1+ 15. Kxd1 Nxd4 16. cxd4 Nf6 17. Bf4 Nd5 18. Rc1 O-O 19. Bd2 Rfd8
20. Ke2 h6 21. Rge1 Rd7 22. Ba5 b6 23. Bc3 Rad8 24. Red1 Kh7 25. h3 Nf6 26.
Kd3 Rd5 27. f4 Rh5 28. Rh1 Nd5 29. h4 Nf6 30. Rhe1 Ng4 31. Re7 Kg6 32. Rxa7
Rhd5 33. Re1 R8d7 34. Rxd7 Rxd7 35. Kc4 Nf6 36. Re5 h5 37. d5 Rc7+ 38. Kd4
Rd7 39. Bb4 Ng8 40. f5+ Kf6 41. Ke4 g6 42. Bc3 gxf5+ 43. Rxf5+ Ke7 44. Rxh5
Nf6+ 45. Ke5 Nxh5 46. Kf5 Rxd5+ 47. Ke4 Ke6 48. Ke3 f5 49. Ke2 Nxg3+ 50. Kf3
Nh5 51. Kf2 Rc5 52. Ke3 Rc4 53. Kd3 Rxh4 54. Ke3 Kd5 55. Kd3 Rh3+ 56. Ke2 b5
57. Kf2 Nf4 58. Kf1 Rh2 59. Kg1 Rc2 60. Kf1 Ke4 61. Ke1 Re2+ 62. Kd1 Kd3 63.
Kc1 Nd5 64. Kd1 Rg2 65. Ke1 Ne3 66. a4 Re2# {White checkmated} 0-1

[Event "ICC tourney 2545 (5 3)"]
[Site "Internet Chess Club"]
[Date "2021.04.11"]
[Round "1"]
[White "ZenChess"]
[Black "rajatmak"]
[Result "1/2-1/2"]
[ICCResult "Game drawn because neither player has mating material"]
[WhiteElo "1860"]
[BlackElo "1555"]
[Opening "Giuoco Piano"]
[ECO "C54"]
[NIC "IG.02"]
[Time "14:04:29"]
[TimeControl "300+3"]

1. e4 e5 2. Nf3 Nc6 3. Bc4 Bc5 4. c3 Nf6 5. d4 exd4 6. e5 d5 7. Bb5 Ne4 8.
cxd4 Bb6 9. Be3 O-O 10. Nc3 Ba5 11. Qb3 a6 12. Bxc6 bxc6 13. O-O Bf5 14.
Nxe4 Bxe4 15. Nd2 Rb8 16. Qa3 Bxd2 17. Bxd2 Qd7 18. f3 Bg6 19. b3 f6 20.
exf6 Rxf6 21. Rfe1 Qf5 22. Qe7 Qd3 23. Qe3 Qc2 24. Rec1 Qb2 25. Qc3 Qa3 26.
Re1 Qd6 27. Rac1 Rbf8 28. Bg5 R6f7 29. Qxc6 Qb4 30. Qxd5 h6 31. Bh4 Kh7 32.
Bg3 Qd2 33. Rf1 Qxa2 34. Rf2 Qa3 35. Re1 Qb4 36. Rfe2 Bf5 37. Re5 Rd7 38.
Qc5 Qxd4+ 39. Qxd4 Rxd4 40. Rc5 Rf7 41. h3 Rb4 42. Rxc7 Rxc7 43. Bxc7 Rxb3
44. Re7 Kg8 45. Be5 g6 46. Ra7 Bd3 47. Kh2 Rb5 48. Bd4 Rd5 49. Be3 h5 50.
Kg3 Kf8 51. Bh6+ Ke8 52. Kf4 Kd8 53. Bg7 Kc8 54. Be5 g5+ 55. Ke3 Bf1 56. Ke4
Ra5 57. g4 h4 58. Rg7 Bxh3 59. Rxg5 Bg2 60. Rh5 Ra4+ 61. Bd4 h3 62. g5 Bxf3+
63. Kxf3 Rxd4 64. g6 Rd7 65. Rxh3 Rg7 66. Rg3 Kd7 67. Ke4 Ke6 68. Ra3 Ra7
69. g7 Kf7 70. Rg3 Kg8 71. Kd4 a5 72. Kc3 a4 73. Kb2 Rxg7 74. Rxg7+ Kxg7 75.
Ka3 Kf6 76. Kxa4 {Game drawn because neither player has mating material}
1/2-1/2

[Event "ICC tourney 2545 (5 3)"]
[Site "Internet Chess Club"]
[Date "2021.04.11"]
[Round "1"]
[White "Rasalaghe"]
[Black "minorpiece"]
[Result "1-0"]
[ICCResult "Black forfeits on time"]
[WhiteElo "1195"]
[BlackElo "1434"]
[Opening "French: Labourdonnais variation"]
[ECO "C00"]
[NIC "FR.01"]
[Time "14:06:02"]
[TimeControl "300+3"]

1. e4 e6 2. f4 d5 3. Qf3 dxe4 4. Qxe4 Nf6 5. Qa4+ Bd7 6. Qb3 b6 7. Nc3 Be7
8. Bb5 c6 9. Be2 O-O 10. Nf3 c5 11. O-O Bc6 12. d3 Nbd7 13. h3 Bd6 14. Be3
Nh5 15. Nb5 Bxb5 16. Qxb5 Nxf4 17. Rae1 Nh5 18. Qc4 Ng3 19. Rf2 Nf5 20. Bg5
Qc7 21. g4 f6 22. Qxe6+ Kh8 23. gxf5 Rae8 24. Qd5 fxg5 25. Nxg5 Nf6 26. Qg2
Bg3 27. Ne6 Bxf2+ 28. Kxf2 Rxe6 29. fxe6 Qf4+ 30. Kg1 Qe3+ 31. Kh1 Qxe6 32.
Rf1 Re8 33. Rg1 Re7 34. Bg4 Nxg4 35. Qxg4 Qd5+ 36. Kh2 h6 37. b3 a5 38. Rg2
a4 39. Re2 Rxe2+ 40. Qxe2 axb3 41. axb3 Qd6+ 42. Kh1 Kh7 43. Qe4+ g6 44. Kg2
h5 45. Kf2 Qh2+ 46. Qg2 Qf4+ 47. Qf3 Qd4+ 48. Qe3 {Black forfeits on time}
1-0

[Event "ICC tourney 2545 (5 3)"]
[Site "Internet Chess Club"]
[Date "2021.04.11"]
[Round "1"]
[White "Macroeconomist"]
[Black "zugspitze"]
[Result "1-0"]
[ICCResult "Black resigns"]
[WhiteElo "1412"]
[BlackElo "1607"]
[Opening "Caro-Kann: two knights variation"]
[ECO "B11"]
[NIC "CK.01"]
[Time "14:05:53"]
[TimeControl "300+3"]

1. e4 c6 2. Nc3 d5 3. Nf3 dxe4 4. Nxe4 Nf6 5. Ng3 g6 6. h3 Bg7 7. Bc4 O-O 8.
d4 a5 9. a4 b6 10. O-O Ba6 11. Qe2 Bxc4 12. Qxc4 e6 13. c3 Qd5 14. Ne5 Qxc4
15. Nxc4 Nbd7 16. Bf4 Nd5 17. Bd6 Rfc8 18. Rfe1 c5 19. Ne5 Nxe5 20. dxe5 c4
21. Rad1 Nf4 22. Ne4 Nd3 23. Re2 Nxe5 24. Bxe5 Bxe5 25. Rd7 Rd8 26. Red2
Rxd7 27. Rxd7 Rc8 28. g3 Kg7 29. f4 Bf6 30. Nd6 Rd8 31. Rxf7+ Kg8 32. Rxf6
Rxd6 33. g4 Kg7 34. g5 h6 35. h4 h5 36. Kf2 Rd2+ 37. Ke3 Rxb2 38. Rxe6 b5
39. axb5 Rxb5 40. Kd4 Rb1 41. Kxc4 Rh1 42. Kb5 Rxh4 43. Re4 Rh3 44. c4 Ra3
45. c5 Kf7 46. c6 Rb3+ 47. Kxa5 Rb8 48. c7 Rc8 49. Kb6 h4 50. Kb7 Rh8 51.
c8=Q Rxc8 52. Kxc8 h3 53. Re3 h2 54. Rh3 Ke6 55. Rxh2 Kf5 56. Rf2 Kg4 57.
Kd7 Kg3 58. Rf1 Kg2 59. Rb1 Kg3 60. Rb4 {Black resigns} 1-0

[Event "ICC tourney 2545 (5 3)"]
[Site "Internet Chess Club"]
[Date "2021.04.11"]
[Round "1"]
[White "HorseHead"]
[Black "HEM"]
[Result "0-1"]
[ICCResult "White forfeits on time"]
[WhiteElo "1309"]
[BlackElo "1612"]
[Opening "Sicilian defense"]
[ECO "B40"]
[NIC "SI.43"]
[Time "14:06:02"]
[TimeControl "300+3"]

1. e4 c5 2. Nf3 e6 3. e5 Nc6 4. Bc4 Qc7 5. d4 cxd4 6. Bf4 Bc5 7. c3 dxc3 8.
Nxc3 a6 9. O-O b5 10. Be2 Bb7 11. Ne4 Be7 12. Rc1 f5 13. exf6 Qxf4 14. fxg7
Bf6 15. Nd6+ Ke7 16. gxh8=Q Bxh8 17. Nxb7 Nf6 18. g3 Qc7 19. Nc5 Nd5 20. a3
Bxb2 21. Rc2 Bf6 22. Qd3 Rg8 23. Qxh7+ Rg7 24. Qh6 Ne5 25. Nd4 Nf7 26. Qd2
Nf4 27. Nxa6 Nh3+ 28. Kg2 Nf4+ 29. Kg1 Nh3+ 30. Kh1 Qb7+ 31. f3 Qxa6 32.
Qb4+ Qd6 33. Rd1 Qxb4 34. axb4 Nf2+ 35. Kg1 Nxd1 36. Bxd1 Bxd4+ 37. Kg2 Nd6
38. Rd2 Bc3 39. Rd3 Bxb4 40. f4 Nc4 41. Bf3 d5 42. Rd4 Bc5 43. Bxd5 Bxd4 44.
Bc6 b4 45. Bb5 Nd6 46. Bc4 Nxc4 47. f5 exf5 {White forfeits on time} 0-1

[Event "ICC tourney 2545 (5 3)"]
[Site "Internet Chess Club"]
[Date "2021.04.11"]
[Round "1"]
[White "Structor99"]
[Black "Neukoelln"]
[Result "1-0"]
[ICCResult "Black resigns"]
[WhiteElo "1917"]
[BlackElo "1440"]
[Opening "QGD"]
[ECO "D30"]
[NIC "QP.08"]
[Time "14:05:42"]
[TimeControl "300+3"]

1. d4 d5 2. c4 e6 3. Nf3 Nf6 4. Bg5 dxc4 5. Nc3 a6 6. a4 Nc6 7. e4 h6 8. Bh4
g5 9. Nxg5 hxg5 10. Bxg5 Be7 11. Be3 e5 12. d5 Na5 13. Be2 c6 14. O-O cxd5
15. exd5 Bf5 16. f4 e4 17. Bd4 Nb3 18. Bxc4 Nxd4 19. Qxd4 Rc8 20. Kh1 Rxh2+
21. Kxh2 Ng4+ 22. Kh3 Ne3+ 23. Kh2 Nxc4 24. Nxe4 Nd6 25. Qh8+ Kd7 26. Qxd8+
Rxd8 27. Nc5+ Kc8 28. Rac1 Kb8 29. Rfe1 Rh8+ 30. Kg1 Bf6 31. b4 Ka7 32. g3
b6 33. Nb3 Be4 34. Rc6 Rh1+ 35. Kf2 Rxe1 36. Kxe1 Be7 37. Rc7+ Nb7 38. Rxe7
Bxd5 39. Nd4 Kb8 40. Re5 Bc4 41. Re7 Nd6 42. Nc6+ Kc8 43. Ne5 Be6 44. g4 Kd8
45. Ra7 a5 46. bxa5 bxa5 47. f5 Bb3 48. Rxa5 Ke7 49. Ra6 f6 50. Ng6+ Kd7 51.
Kf2 Kc7 52. Kg3 Bc4 53. Ra7+ Kb6 54. Re7 Ka5 55. Nf8 Kxa4 56. Nd7 Kb5 57.
Nxf6 Kc6 58. Ne4 Nb5 59. g5 Nd4 60. Kf4 Bd5 61. g6 Ne2+ 62. Ke5 Nc1 63. g7
Nd3+ 64. Kd4 {Black resigns} 1-0

[Event "ICC tourney 2545 (5 3)"]
[Site "Internet Chess Club"]
[Date "2021.04.11"]
[Round "1"]
[White "MichaelIC"]
[Black "debarghya1972"]
[Result "1/2-1/2"]
[ICCResult "Game drawn by mutual agreement"]
[WhiteElo "1437"]
[BlackElo "1731"]
[Opening "French: Tarrasch, closed variation, main line"]
[ECO "C06"]
[NIC "FR.17"]
[Time "14:05:22"]
[TimeControl "300+3"]

1. e4 e6 2. d4 d5 3. Nd2 Nf6 4. e5 Nfd7 5. Bd3 c5 6. c3 Nc6 7. Ne2 cxd4 8.
cxd4 Bb4 9. O-O f6 10. f4 Bxd2 11. Bxd2 Qe7 12. Kh1 a6 13. Qe1 b5 14. a3 Bb7
15. Rc1 f5 16. h3 h6 17. Qg3 O-O-O 18. a4 bxa4 19. Bc2 Nb6 20. Ra1 Nc4 21.
Bc1 g5 22. fxg5 Rdg8 23. g6 Nb4 24. Bxa4 Kb8 25. b3 Nb6 26. Ba3 a5 27. Nf4
Qg5 28. Qc3 Rc8 29. Qd2 Rc2 30. Qd1 Rhc8 31. Qh5 Rxg2 32. Qxg5 Rxg5 33. Bxb4
axb4 34. Nxe6 Rg3 35. Nc5 Rxh3+ 36. Kg2 Rh5 37. Rf3 f4 38. Rxf4 Rg5+ 39. Kh2
Rxg6 40. Rg1 Rxg1 41. Kxg1 Nxa4 42. bxa4 Rg8+ 43. Kh2 Bc8 44. e6 Kc7 45. e7
Re8 46. Rf7 Bd7 47. Rh7 Bf5 48. Rf7 Bc2 49. Ne6+ Kd6 50. Nd8 Bxa4 51. Nb7+
Kc7 52. Nc5 Bd7 53. Na6+ Kd6 54. Nxb4 Be6 55. Rh7 Rxe7 56. Rxh6 Rb7 57. Nd3
Re7 58. Nc5 Re8 59. Kg3 Re7 60. Kf4 Rf7+ 61. Kg5 Rg7+ 62. Kf4 Rf7+ 63. Ke3
Re7 64. Kd3 Re8 65. Kc3 Re7 66. Kb4 Re8 67. Ka5 Re7 68. Kb6 Re8 69. Nb7+ Kd7
70. Nc5+ Kd6 71. Kb7 Re7+ 72. Kb6 Re8 73. Rf6 Re7 74. Rg6 Re8 75. Nxe6 Rxe6
76. Rxe6+ Kxe6 77. Kc6 Ke7 78. Kxd5 Kd7 79. Ke5 {Game drawn by mutual
agreement} 1/2-1/2

[Event "ICC tourney 2545 (5 3)"]
[Site "Internet Chess Club"]
[Date "2021.04.11"]
[Round "1"]
[White "Bob73"]
[Black "Arunmass1"]
[Result "1/2-1/2"]
[ICCResult "Game drawn by mutual agreement"]
[WhiteElo "1589"]
[BlackElo "1354"]
[Opening "French: Winawer, advance, 6...Ne7"]
[ECO "C18"]
[NIC "FR.09"]
[Time "14:05:35"]
[TimeControl "300+3"]

1. e4 e6 2. d4 d5 3. Nc3 Bb4 4. e5 Ne7 5. a3 Bxc3+ 6. bxc3 c5 7. h4 Nbc6 8.
h5 h6 9. Nf3 Qa5 10. Bd2 c4 11. Rh4 Bd7 12. Rg4 Nf5 13. Rf4 g5 14. hxg6 fxg6
15. g4 g5 16. gxf5 gxf4 17. f6 O-O-O 18. Bh3 Rhg8 19. Kf1 Rdf8 20. Nh4 Qd8
21. Bxf4 Qe8 22. Qf3 Nd8 23. Bxh6 Rf7 24. Ke2 Rh7 25. Bg7 Rxh4 26. Rg1 Qf7
27. Qg3 Rh7 28. f4 Qh5+ 29. Bg4 Qh2+ 30. Qg2 Qxf4 31. Rf1 Qh2 32. Qxh2 Rxh2+
33. Ke3 Nf7 34. Kf4 Rd8 35. Bd1 Be8 36. Kg3 Rh7 37. Bg4 Kd7 38. Rb1 Rb8 39.
Rb5 b6 40. Rxd5+ Kc6 41. Bxe6 Ng5 42. Rd6+ Kc7 43. Bf5 Rh1 44. Kf4 Nf7 45.
Re6 Rf1+ 46. Kg4 Rg1+ 47. Kh4 Rf1 48. Re7+ Kd8 49. Be6 Rh1+ 50. Kg3 Ng5 51.
Bd5 Rh7 52. Rxa7 Bd7 53. Bxc4 Rh3+ 54. Kf4 Rxc3 55. Rxd7+ Kxd7 56. Bb5+ Ke6
57. Kxg5 Rxc2 58. Ba4 Rc3 59. Bd1 Rg3+ 60. Bg4+ Rxg4+ 61. Kxg4 Rd8 62. Kg5
Rxd4 63. Kg6 Rg4+ 64. Kh5 Rf4 65. Kg5 Rf1 66. Kg6 Rg1+ 67. Kh7 Kf7 68. e6+
Kxe6 69. Kg8 Rf1 70. Kf8 Rf3 71. Kg8 Rxa3 72. f7 Ra8+ 73. f8=Q Rxf8+ 74.
Bxf8 Kd5 75. Kf7 {Game drawn by mutual agreement} 1/2-1/2

[Event "ICC tourney 2545 (5 3)"]
[Site "Internet Chess Club"]
[Date "2021.04.11"]
[Round "1"]
[White "Swaggernaut99"]
[Black "shirovinster"]
[Result "0-1"]
[ICCResult "White checkmated"]
[WhiteElo "1404"]
[BlackElo "1808"]
[Opening "Caro-Kann: exchange variation"]
[ECO "B13"]
[NIC "CK.02"]
[Time "14:05:40"]
[TimeControl "300+3"]

1. e4 c6 2. d4 d5 3. exd5 cxd5 4. Nc3 Nf6 5. Nf3 Nc6 6. Be2 Bg4 7. O-O e6 8.
h3 Bh5 9. Bf4 Bd6 10. Bxd6 Qxd6 11. Re1 O-O 12. Qd2 a6 13. Ng5 Bxe2 14. Rxe2
Qb4 15. Nf3 Rac8 16. Rb1 b5 17. a3 Qa5 18. Rc1 Qb6 19. Qd3 h6 20. Rce1 Na5
21. Na2 Nc4 22. c3 Ne4 23. Qd1 a5 24. Rc2 Rc7 25. Nc1 b4 26. axb4 axb4 27.
cxb4 Qxb4 28. Nd3 Qb6 29. Qe2 Rfc8 30. Rec1 Qb7 31. Nfe5 Nxe5 32. Nxe5 Nd6
33. Rxc7 Rxc7 34. Qd2 f6 35. Nd3 Ne4 36. Rxc7 Qxc7 37. Qe2 Kf7 38. b4 Qc4
39. Qe3 Nd6 40. Nc5 Ne4 41. f3 Nxc5 42. bxc5 Qc2 43. Kh2 Qc4 44. Kg3 g5 45.
f4 Qc2 46. fxg5 hxg5 47. Qf3 Qc4 48. Qe3 Qb5 49. Qc3 Qc4 50. Qe3 Ke7 51. Kf2
Qc2+ 52. Qe2 Qf5+ 53. Qf3 Qc2+ 54. Qe2 Qc3 55. Qe3 Qc4 56. Kf3 Kd7 57. Kg3
Qf1 58. Qf3 Qe1+ 59. Qf2 Qc3+ 60. Qf3 Qxd4 61. Kh2 Qxc5 62. Qxf6 Qe3 63.
Qf7+ Kd6 64. Qf8+ Ke5 65. Qb8+ Ke4 66. Qb4+ Qd4 67. Qe1+ Kf5 68. Qf1+ Qf4+
69. Qxf4+ Kxf4 70. g3+ Kf5 71. Kg2 d4 72. Kf3 e5 73. g4+ Kf6 74. Ke4 Ke6 75.
Kd3 Kd5 76. Kd2 e4 77. Kc2 Ke5 78. Kd2 Kf4 79. Kc2 Kg3 80. Kb3 Kxh3 81. Kc4
e3 82. Kxd4 e2 83. Kd5 e1=Q 84. Kc5 Kxg4 85. Kc4 Kf4 86. Kc5 g4 87. Kc6 g3
88. Kc5 g2 89. Kc4 g1=Q 90. Kb5 Qc3 91. Ka6 Qga1+ 92. Kb7 Qab2+ 93. Ka7
Qca3# {White checkmated} 0-1